 Dungeon Crawl Stone Soup version 0.17-a0-1787-g4aeb8be (webtiles) character file.

300 Izanagi the Poker (level 6, 0/51 HPs)
             Began as a Minotaur Fighter on Sept 9, 2015.
             Slain by Rationalist's ghost (4 damage)
             ... on level 4 of the Dungeon.
             The game lasted 00:17:13 (3272 turns).

Izanagi the Poker (Minotaur Fighter)                Turns: 3272, Time: 00:17:13

Health: 0/51       AC:  6    Str: 23    XL:     6   Next: 13%
Magic:  5/5        EV:  5    Int:  5    God:
Gold:   108        SH:  0    Dex:  9    Spells: 0 memorised, 5 levels left

rFire  . . .     SeeInvis .     a - +0 trident
rCold  . . .     Clarity  .     b - +0 scale mail
rNeg   . . .     SustAt   .     (no shield)
rPois  .         Gourm    .     (helmet restricted)
rElec  .         Spirit   .     (no cloak)
rCorr  .         Warding  .     (no gloves)
rMut   .         Stasis   .     (no boots)
MR     .....                    (no amulet)
Stlth  ..........               (no ring)
                                (no ring)

@: not resistant to hostile enchantments, extremely unstealthy
A: retaliatory headbutt, horns 2
a: no special abilities


You were on level 4 of the Dungeon.
You were not hungry.

You visited 1 branch of the dungeon, and saw 4 of its levels.

You collected 108 gold pieces.

Inventory:

Hand weapons
 a - a +0 trident (weapon)
Armour
 b - a +0 scale mail (worn)
 c - a +0 shield
 j - an ice dragon hide
Magical devices
 l - a wand of draining (4)
Scrolls
 e - 2 scrolls of immolation
 f - a scroll of remove curse
 g - a scroll of teleportation
 k - 2 scrolls of identify
Potions
 d - a potion of might
 h - a potion of curing
Books
 i - a book of the Earth

   Spells                             Type                      Level
   a - Leda's Liquefaction            Hexes/Earth                  4
   b - Bolt of Magma                  Conjuration/Fire/Earth       5
   c - Statue Form                    Transmutation/Earth          6
   d - Iron Shot                      Conjuration/Earth            6
   e - Shatter                        Earth                        9
Comestibles
 m - a meat ration


   Skills:
 - Level 3.6 Fighting
 * Level 7.6 Polearms
 - Level 3.6 Armour
 - Level 1.2 Dodging
 - Level 3.6 Shields


You had 5 spell levels left.
You didn't know any spells.

Dungeon Overview and Level Annotations

Branches:
Dungeon (4/15)
 Temple: D:4-7

Altars:
Ashenzari
Elyvilon

Annotations:
D:4 Rationalist's ghost, experienced FoFi


Innate Abilities, Weirdness & Mutations

You reflexively headbutt those who attack you in melee.
You have a pair of horns on your head.


Message History

You barely miss Rationalist's ghost. You headbutt Rationalist's ghost.
Rationalist's ghost is lightly damaged.
Rationalist's ghost hits you.
You hit Rationalist's ghost. You headbutt Rationalist's ghost!
Rationalist's ghost is moderately damaged.
Rationalist's ghost hits you!
Drink which item? (? for menu, Esc to quit)
Okay, then.
You hit Rationalist's ghost.
Rationalist's ghost is moderately damaged.
Rationalist's ghost hits you.
You hit Rationalist's ghost.
Rationalist's ghost is heavily damaged.
Rationalist's ghost hits you.
You hit Rationalist's ghost.
Rationalist's ghost is heavily damaged.
Rationalist's ghost hits you!
* * * LOW HITPOINT WARNING * * *
Rationalist's ghost hits you.
You die...

#.##.# ###..#.
..... #...#
#...# #...#
#######...#
......W@..#
#########.###.#
........!...#
#######.........
.......#..#
#######.# . .# .
.


You could see Rationalist's ghost.

Vanquished Creatures
  An ogre (D:3)
  A worker ant (D:3)
  Natasha (thrice) (D:3)
  6 adders
  An ooze (D:3)
  3 worms
  3 giant geckos
  2 orcs (D:3)
  A ball python (D:1)
  13 bats
  2 giant cockroaches (D:1)
  11 hobgoblins
  A quokka (D:3)
  6 giant newts
  17 goblins
  7 jackals
  9 kobolds
  9 rats
96 creatures vanquished.

Notes
Turn   | Place    | Note
--------------------------------------------------------------
     0 | D:1      | Izanagi the Minotaur Fighter began the quest for the Orb.
     0 | D:1      | Reached XP level 1. HP: 19/19 MP: 0/0
   151 | D:1      | Reached XP level 2. HP: 21/26 MP: 1/1
   473 | D:1      | Reached skill level 4 in Polearms
   615 | D:1      | Reached XP level 3. HP: 19/31 MP: 2/2
  1114 | D:2      | Reached skill level 1 in Dodging
  1341 | D:2      | Reached XP level 4. HP: 37/39 MP: 3/3
  1354 | D:2      | Reached skill level 5 in Polearms
  1357 | D:2      | Found a shattered altar of Ashenzari.
  1929 | D:3      | Reached skill level 6 in Polearms
  1989 | D:3      | Noticed Natasha
  2288 | D:3      | Reached XP level 5. HP: 43/45 MP: 4/4
  2320 | D:3      | Found a white marble altar of Elyvilon.
  2466 | D:3      | Killed Natasha
  2495 | D:3      | Noticed Natasha
  2584 | D:3      | Killed Natasha
  2646 | D:3      | Noticed Natasha
  2733 | D:3      | Killed Natasha
  2741 | D:3      | Noticed an ogre
  2758 | D:3      | Reached skill level 7 in Polearms
  2774 | D:3      | Killed an ogre
  2774 | D:3      | Reached XP level 6. HP: 23/51 MP: 5/5
  2973 | D:4      | Noticed Rationalist's ghost (experienced FoFi)
  3272 | D:4      | Slain by Rationalist's ghost

Vault maps used:
D:1:      dpeg_arrival_pits
D:2:      nicolae_overflow_crystal_walls, serial_corexii_hall,
          corexii_hall_statues_i, corexii_hall_statues_deadend
D:3:      lemuel_doored_altar, serial_bayou_pond_e, grunt_ministairs_8,
          minmay_ogre_servants, uniq_natasha

Action                   |  1- 3 |  4- 6 || total
-------------------------+-------+-------++-------
Melee: Trident           |    90 |   137 ||   227
       Unarmed           |       |     7 ||     7
Evoke: Wand              |       |     1 ||     1
  Use: Scroll            |     4 |     2 ||     6
       Potion            |       |     3 ||     3
  Eat: Bread ration      |     1 |       ||     1
       Beef jerky        |       |     1 ||     1
       Meat ration       |       |     1 ||     1
